Map: Ruines de Seras

Players

Boomslang - Winner!

  • Race: Zerg Zerg
  • League: Diamond

Worming

  • Race: Zerg Zerg
  • League: Diamond

VOD

Have the link to the VOD?

Description

Time

  • Played on: Dec. 8, 2015, 11:04 a.m.
  • Length: 8:28
Show
View Real Time Build Order
Export as new Build Order

Boomslang Zerg - Winner!

Build Orders: Hatch First 

Get SALT Encoding   

  12  0:01  Drone  
  13  0:13  Overlord  
  13  0:19  Drone  
  14  0:32  Drone x2  
  16  0:53  Hatchery  
  15  0:58  Drone  
  15  1:02  Extractor  
  15  1:12  Spawning Pool  
  15  1:16  Drone  
  15  1:20  Drone  
  16  1:30  Drone x2  
  18  1:38  Drone  
  19  1:51  Overlord  
  19  2:04  Metabolic Boost  
  19  2:05  Queen  
  19  2:06  Zergling x2  
  22  2:09  Zergling x2  
  22  2:13  Zergling x2  
  24  2:22  Zergling x4  
  26  2:27  Zergling x2  
  27  2:36  Zergling x2  
  28  2:37  Zergling x2  
  28  2:43  Baneling Nest  
  28  2:48  Zergling x4  
  30  2:56  Zergling x2  
  31  3:00  Zergling x2  
  31  3:10  Zergling x4  
  33  3:15  Zergling x6  
  36  3:26  Overlord  
  36  3:32  Spine Crawler  
  31  3:55  Drone  
  31  3:56  Drone x8  
  38  4:12  Zergling x2  
  38  4:13  Zergling x2  
  37  4:18  Baneling  
  33  4:32  Zergling x2  
  33  4:33  Zergling x4  
  33  4:35  Zergling x2  
  34  4:42  Queen  
  36  4:46  Zergling x4  
  36  4:51  Baneling  
  36  4:52  Baneling  
  38  4:56  Zergling x4  
  38  4:58  Baneling x2  
  40  5:01  Zergling x2  
  40  5:02  Zergling x2  
  42  5:08  Roach Warren, Extractor  
  42  5:12  Zergling x6  
  42  5:25  Zergling x2  
  42  5:26  Zergling x4  
  43  5:29  Baneling x2  
  43  5:34  Overlord x2  
  40  5:52  Baneling  
  40  5:53  Baneling x3  
  40  5:55  Drone x6  
  46  6:01  Lair  
  46  6:05  Drone  
  46  6:10  Drone x2  
  46  6:11  Drone x2  
  51  6:14  Extractor  
  51  6:16  Extractor  
  49  6:18  Overlord  
  49  6:32  Roach x5  
  59  6:35  Baneling x5  
  59  6:39  Roach  
  59  7:01  Roach x5  
  64  7:06  Drone x5  
  65  7:11  Drone x2  
  67  7:21  Overlord x2  
  67  7:32  Overlord  
  67  7:40  Spine Crawler  
  67  7:42  Spine Crawler  
  65  7:44  Spine Crawler  
  65  7:46  Roach x2  
  68  7:55  Drone x4  
  68  7:56  Drone  
  73  8:04  Roach x2  
Show
View Real Time Build Order
Export as new Build Order

Worming Zerg 

Build Orders: Hatch First 

Get SALT Encoding   

  12  0:01  Drone  
  13  0:12  Overlord  
  13  0:17  Drone  
  14  0:31  Drone x2  
  14  0:35  Drone  
  17  0:53  Hatchery  
  17  0:57  Drone  
  17  1:02  Drone, Extractor  
  17  1:17  Spawning Pool  
  16  1:19  Drone  
  16  1:23  Drone  
  18  1:33  Drone  
  19  1:41  Drone  
  20  1:50  Overlord  
  20  2:03  Queen  
  20  2:05  Zergling x2  
  20  2:06  Zergling x2  
  24  2:09  Metabolic Boost  
  24  2:15  Drone  
  26  2:22  Drone  
  26  2:29  Queen  
  28  2:31  Drone  
  28  2:32  Overlord  
  28  2:34  Drone  
  30  2:40  Baneling Nest  
  29  2:48  Drone  
  30  2:54  Drone x3  
  33  3:05  Drone x2  
  33  3:13  Queen, Zergling x2  
  33  3:14  Zergling x2  
  33  3:15  Spine Crawler  
  33  3:18  Zergling x2  
  37  3:27  Overlord  
  37  3:40  Zergling x8  
  40  3:45  Zergling x8  
  42  3:50  Zergling x2  
  42  3:51  Zergling x4  
  45  4:02  Baneling  
  40  4:03  Baneling x3  
  40  4:09  Zergling x10  
  26  4:32  Drone x6  
  26  4:35  Queen x2  
  26  4:43  Spine Crawler  
  25  4:46  Zergling x2  
  25  4:51  Zergling x2  
  27  5:03  Spine Crawler  
  27  5:04  Overlord  
  26  5:07  Baneling x2  
  25  5:26  Queen  
  25  5:27  Zergling x4  
  25  5:28  Zergling x4  
  24  5:35  Zergling x2  
  23  6:00  Zergling x10  
  27  6:12  Zergling x2  
  27  6:15  Baneling x5  
  27  6:16  Zergling x2  
  27  6:17  Zergling x4  
  31  6:19  Zergling x2  
  32  6:41  Hatchery  
  23  7:06  Evolution Chamber  
  23  7:08  Zergling x10  
  23  7:20  Zergling x2  
  24  7:33  Baneling  
  24  7:34  Baneling  
  24  7:43  Drone x2  
  24  7:44  Drone x2  
  28  7:54  Roach Warren  
  27  8:02  Zergling x2  
  27  8:03  Zergling x2  
Tags
 
Add a new tag
Caveats
  • Supply blocks, unpowered buildings, or Contaminate may cause inaccurate times.
  • Supply counts are checked every 10 seconds.